 Dungeon Crawl Stone Soup version 0.21.0 (webtiles) character file.

140 mopl the Slasher (level 5, -5/30 HPs)
             Began as a Tengu Skald on Jan 7, 2018.
             Was a Follower of Ashenzari.
             Killed by divine providence
             ... invoked by an orc priest
              (13 damage)
             ... on level 4 of the Dungeon.
             The game lasted 00:04:10 (2516 turns).

mopl the Slasher (Tengu Skald)                      Turns: 2516, Time: 00:04:11

Health: -5/30      AC:  6    Str: 11    XL:     5   Next: 22%
Magic:  9/9        EV: 11    Int: 14    God:    Ashenzari [*.....]
Gold:   148        SH:  0    Dex: 14    Spells: 3/8 levels left

rFire    . . .     SeeInvis .   a - +0 falchion
rCold    . . .     Gourm    .   (no shield)
rNeg     . . .     Faith    .   f - +1 ring mail
rPois    .         Spirit   .   (helmet restricted)
rElec    .         Reflect  .   (no cloak)
rCorr    .         Harm     .   (no gloves)
MR       .....                  (boots unavailable)
Stlth    ..........             (no amulet)
HPRegen  0.10/turn              m - ring of loudness (curse)
MPRegen  0.11/turn              (no ring)

@: infused (expiring)
A: beak, talons 3, able to fly 1
a: Fly, Curse Item, Scrying, Renounce Religion


You were on level 4 of the Dungeon.
You worshipped Ashenzari.
Ashenzari was aware of your devotion.
You were hungry.

You visited 1 branch of the dungeon, and saw 4 of its levels.

You collected 148 gold pieces.

Inventory:

Hand Weapons
 a - a +0 falchion (weapon)
Missiles
 s - 15 poisoned needles
Armour
 f - a +1 ring mail (worn)
Jewellery
 k - an uncursed ring of ice
 m - a cursed ring of loudness (left hand)
Scrolls
 b - 3 scrolls of enchant armour
 e - 2 scrolls of enchant weapon {unknown}
 g - 2 scrolls of identify {unknown}
 i - 4 scrolls of remove curse
 l - a scroll of noise {unknown}
 n - a scroll of teleportation {unknown}
Potions
 h - a potion of flight {unknown}
 j - a potion of haste {unknown}
 o - a potion of curing {unknown}
 p - 2 potions of mutation {unknown}
 q - a potion of might {unknown}
Books
 c - a book of Battle

   Spells                             Type                      Level
   a - Infusion                       Charms                       1
   b - Shroud of Golubria             Charms/Translocation         2
   c - Song of Slaying                Charms                       2
   d - Spectral Weapon                Hexes/Charms                 3
   e - Regeneration                   Charms/Necromancy            3
Comestibles
 d - 7 rations


   Skills:
 - Level 2.0 Fighting
 + Level 5.8 Long Blades
 - Level 1.1 Armour
 - Level 2.1 Dodging
 - Level 2.0 Spellcasting
 - Level 2.4 Charms


You had 3 spell levels left.
You knew the following spells:

 Your Spells              Type           Power        Failure   Level  Hunger
a - Infusion              Chrm           #...         21%         1    ##.....
b - Song of Slaying       Chrm           #.......     30%         2    ###....
f - Shroud of Golubria    Chrm/Tloc      #.........   45%         2    ###....


Dungeon Overview and Level Annotations

Branches:
Dungeon (4/15)
 Temple: D:4-7

Altars:
Ashenzari
Fedhas
Gozag
Makhleb
Qazlal

Annotations:
D:2 2 transporters


Innate Abilities, Weirdness & Mutations

You have a beak for a mouth.
You have claws for feet.
You can fly.


Message History

Beogh smites you!
The orc throws a steel tomahawk.
The steel tomahawk closely misses you.
You see here a steel tomahawk.
The orc throws a steel tomahawk.
The steel tomahawk hits you but does no damage.
You see here a steel tomahawk.
The orc wizard gestures wildly while chanting.
The orc wizard blinks!
The orc wizard misses you.
The orc wizard gestures at you while chanting.
The magic dart hits you!
* * * LOW HITPOINT WARNING * * *
The orc wizard casts a spell.
The orc wizard blinks!
The orc wizard gestures wildly while chanting.
The orc wizard blinks!
Your magical infusion is running out.
The orc priest calls down the wrath of Beogh upon you.
Beogh smites you!
You die...

. ##################
..# .......<..........
..####################
#..> ##...#
#..########....#
#.@...o....§..##
#...#####o.....##
###....#...#.#..##
####.#§###.....##
#..(######.... ##..(§#
#.### ##.#.## #.# #
#.#..# #.. # ..##o#
##.


You could see an orc priest and an orc.

Vanquished Creatures
  A gnoll (D:1)
  5 adders
  3 oozes
  5 dart slugs
  4 leopard geckos
  A ball python (D:3)
  7 bats
  2 giant cockroaches
  6 goblins
  9 hobgoblins
  2 frilled lizards
  8 kobolds
  8 rats
61 creatures vanquished.

Notes
Turn   | Place    | Note
-------+----------+-------------------------------------------
     0 | D:1      | mopl the Tengu Skald began the quest for the Orb.
     0 | D:1      | Reached XP level 1. HP: 12/12 MP: 4/4
    25 | D:1      | Reached skill level 3 in Long Blades
    25 | D:1      | Reached XP level 2. HP: 12/17 MP: 6/6
    29 | D:1      | Learned a level 2 spell: Song of Slaying
    32 | D:1      | Learned a level 2 spell: Shroud of Golubria
   151 | D:1      | Reached XP level 3. HP: 13/21 MP: 0/7
   177 | D:1      | Reached skill level 4 in Long Blades
   569 | D:1      | Reached XP level 4. HP: 23/26 MP: 8/8
   797 | D:2      | Found a stormy altar of Qazlal.
   869 | D:2      | Found a blossoming altar of Fedhas.
   986 | D:2      | Reached skill level 5 in Long Blades
  1090 | D:2      | Found a burning altar of Makhleb.
  1094 | D:2      | Noticed a necrophage
  1149 | D:2      | Found a transporter.
  1159 | D:2      | Found a transporter.
  1291 | D:2      | Found a faded altar of an unknown god.
  1324 | D:2      | Became a worshipper of Ashenzari the Shackled
  1324 | D:2      | Reached * piety under Ashenzari
  1784 | D:3      | Gained mutation: You can fly. [Tengu growth]
  1784 | D:3      | Reached XP level 5. HP: 13/30 MP: 5/9
  2459 | D:4      | Found an opulent altar of Gozag.
  2516 | D:4      | Killed from afar by an orc priest

Skill      XL: |  1  2  3  4 |
---------------+-------------+-----
Long Blades    | 3 4 5 |  5.8
Fighting       | |  2.0
Armour         | |  1.1
Dodging        | |  2.1
Spellcasting   | |  2.0
Charms         | |  2.4

Action                   |  1- 3 |  4- 6 || total
-------------------------+-------+-------++-------
Melee: Falchion          |    70 |   108 ||   178
       Kick              |    18 |    18 ||    36
       Peck              |    11 |     9 ||    20
 Cast: Infusion          |     4 |    11 ||    15
       Shroud of Golubri |     1 |       ||     1
  Use: Scroll            |       |     1 ||     1
  Eat: Chunk             |       |     5 ||     5
Armor: Leather armour    |     9 |       ||     9
       Ring mail         |    15 |    51 ||    66
Dodge: Dodged            |    47 |    68 ||   115
       Rpst.: Falchion   |    10 |    14 ||    24
